 Dungeon Crawl Stone Soup version 0.19-a0-1008-g4c63d25 (webtiles) character file.

107 epen the Changer (level 4, -6/33 HPs)
             Began as a Merfolk Transmuter on July 23, 2016.
             Mangled by Sigmund
             ... wielding a +3 scythe of freezing
              (7 damage)
             ... on level 3 of the Dungeon.
             The game lasted 00:02:40 (2203 turns).

epen the Changer (Merfolk Transmuter)               Turns: 2203, Time: 00:02:42

Health: -6/33      AC:  2    Str: 10    XL:     4   Next: 85%
Magic:  3/8        EV: 22    Int: 13    God:
Gold:   73         SH:  0    Dex: 19    Spells: 3 memorised, 3 levels left

rFire  . . .     SeeInvis .       - Unarmed
rCold  . . .     Gourm    .     (armour currently unavailable)
rNeg   . . .     Faith    .     (shield currently unavailable)
rPois  x         Spirit   .     (helmet currently unavailable)
rElec  .         Dismiss  .     (cloak currently unavailable)
rCorr  .         Reflect  .     (gloves currently unavailable)
SustAt .         Harm     .     (boots currently unavailable)
MR     .....                    (no amulet)
Stlth  ++........               (no ring)
                                (no ring)

@: spider-form, not resistant to hostile enchantments, unstealthy
A: (change form in water), (swift swim)
a: End Transformation


You were on level 3 of the Dungeon.
You were not hungry.
You were a venomous arachnid creature.
You visited 1 branch of the dungeon, and saw 3 of its levels.

You collected 73 gold pieces.

Inventory:

Missiles
 a - 26 arrows
Armour
 b - a +0 robe (melded)
 l - a +0 pair of gloves (melded)
Scrolls
 j - a scroll of fear {unknown}
 m - a scroll of noise {unknown}
 p - 3 scrolls of identify {unknown}
 r - a scroll of enchant armour {unknown}
 t - a scroll of teleportation {unknown}
 u - a scroll of fog {unknown}
 v - a scroll of magic mapping {unknown}
Potions
 e - 2 potions of cure mutation {unknown}
 g - a potion of flight {unknown}
 h - 2 potions of curing {unknown}
 i - 2 potions of agility {unknown}
 k - a potion of brilliance {unknown}
 n - a potion of invisibility {unknown}
 o - a potion of ambrosia {unknown}
Books
 c - a book of Changes

   Spells                             Type                      Level
   a - Beastly Appendage              Transmutation                1
   b - Sticks to Snakes               Transmutation                2
   c - Spider Form                    Transmutation/Poison         3
   d - Ice Form                       Ice/Transmutation            4
   e - Blade Hands                    Transmutation                5
Comestibles
 d - 2 bread rations
 f - 2 meat rations
 q - 2 slices of pizza
 s - 2 chunks of flesh


   Skills:
 + Level 1.7 Fighting
 + Level 3.6 Dodging
 + Level 3.8 Unarmed Combat
 * Level 3.0 Spellcasting
 * Level 3.9 Transmutations


You had 3 spell levels left.
You knew the following spells:

 Your Spells              Type           Power        Failure   Level  Hunger
a - Beastly Appendage     Tmut           ##....       17%         1    #......
b - Sticks to Snakes      Tmut           ##......     24%         2    ###....
c - Spider Form           Tmut/Pois      #.........   56%         3    ###....


Dungeon Overview and Level Annotations

Branches:
Dungeon (3/15)

Altars:
Pakellas

Annotations:
D:3 Sigmund


Message History

Sigmund is severely wounded.
The bat completely misses you. Sigmund casts a spell at you.
The puff of flame misses you.
You hit Sigmund.
Sigmund looks as sick as possible!
Sigmund is severely wounded.
Your transformation has ended.
Your +0 pair of gloves unmelds from your body.
Your +0 robe unmelds from your body.
The bat misses you.
Sigmund points at you and mumbles some strange words.
The puff of flame hits you! The bat closely misses you.
Casting: Spider Form
Confirm with . or Enter, or press ? or * to list all spells.
You turn into a venomous arachnid creature.
Your +0 pair of gloves melds into your body.
Your +0 robe melds into your body.
The bat hits you.
Sigmund hits you with a scythe of freezing!
* * * LOW HITPOINT WARNING * * *
Sigmund freezes you!
You die...

..... .. #...# ..# ..
#...# ...#
..###...###...#
............... .
.....b...........
.......@........ #. #..s#
.# #.. #...# ...#
#..###...###...###
#.......................
#.................(....
#......................
#..###...###...###...#
#..# #...# #...# #...# .
#..###...###...###...###.


You could see Sigmund and a bat.

Vanquished Creatures
  2 adders (D:2)
  2 oozes (D:1)
  2 worms
  4 giant geckos
  8 bats
  6 giant cockroaches
  7 goblins
  12 hobgoblins
  4 jackals (D:2)
  4 kobolds
  A quokka (D:2)
  A ball python (D:2)
  4 giant newts
  6 rats
63 creatures vanquished.

Vanquished Creatures (others)
  A lightning spire (D:2)
  2 bushes (D:2)
  4 toadstools (D:1)
7 creatures vanquished.

Grand Total: 70 creatures vanquished

Notes
Turn   | Place    | Note
-------+----------+-------------------------------------------
     0 | D:1      | epen the Merfolk Transmuter began the quest for the Orb.
     0 | D:1      | Reached XP level 1. HP: 15/15 MP: 3/3
    37 | D:1      | Reached XP level 2. HP: 16/21 MP: 3/5
   552 | D:1      | Learned a level 2 spell: Sticks to Snakes
   556 | D:1      | Reached XP level 3. HP: 21/26 MP: 6/6
   561 | D:1      | Learned a level 3 spell: Spider Form
  1409 | D:2      | Reached XP level 4. HP: 32/32 MP: 3/7
  1882 | D:2      | Found an oddly glowing altar of Pakellas.
  1883 | D:2      | Noticed a sphinx
  2188 | D:3      | Noticed Sigmund
  2203 | D:3      | HP: 1/33 [Sigmund/scythe of freezing (14)]
  2203 | D:3      | Mangled by Sigmund

Vault maps used:
D:1:      ldierk_water_garden
D:2:      gammafunk_pakellas_spire_experiment
D:3:      kennysheep_boxes, uniq_sigmund

Skill      XL: |  1  2  3  4 |
---------------+-------------+-----
Transmutations | 3 |  3.9
Dodging        | 3 |  3.6
Spellcasting   | 3 |  3.0
Fighting       | |  1.7
Unarmed Combat | |  3.8

Action                   |  1- 3 |  4- 6 || total
-------------------------+-------+-------++-------
Melee: Unarmed           |   107 |   125 ||   232
       Headbutt          |     3 |       ||     3
       Punch             |       |     2 ||     2
 Cast: Beastly Appendage |     2 |       ||     2
       Spider Form       |     1 |     6 ||     7
 Stab: Sleeping          |     1 |     2 ||     3
  Eat: Chunk             |     2 |     3 ||     5
Armor: Robe              |    20 |    21 ||    41
       Skin              |       |     5 ||     5
Dodge: Dodged            |    61 |   102 ||   163
